AoeStats
← Bubbas 4 everyone

Arabia

507772387Analyzed
1v1 RM · 14d ago on Sep 19, 2026· 51m 6s· 2 players
Game mode
Random Map
Map size
Tiny (2 player)
Population
200
Speed
Normal
Resources
Standard
Victory
Conquest
Starting age
Dark Age
Ending age
Imperial Age
RankedLock teamsTeams togetherTeam positionsShared explorationLock speedFull tech treeHidden civsTurbo modeCheats
Victory
Defeat
🇺🇸 Mongols · United States
926
+16
🇧🇷 Franks · Brazil
917
-16
_Lupin_
7:20 Loom
10:10 Feudal Age
11:12 Double-Bit Axe
22:08 Castle Age
20:46 Scale Barding Armor
20:32 Fletching
21:34 Gold Mining
23:08 Forging
23:25 Bow Saw
25:04 Gold Shaft Mining
30:15 Elite Skirmisher
32:17 Bodkin Arrow
33:52 Gold Shaft Mining
35:45 Chain Barding Armor
36:01 Iron Casting
39:02 Stone Mining
40:33 Husbandry
45:45 Imperial Age
44:53 Ballistics
46:21 Pikeman
48:23 Cavalier
49:53 Halberdier
Bubbas 4 everyone
2:09 Loom
11:56 Feudal Age
12:08 Man-at-Arms
16:17 Horse Collar
17:06 Forging
22:20 Castle Age
20:32 Fletching
21:01 Forging
20:52 Double-Bit Axe
21:31 Padded Archer Armor
23:14 Wheelbarrow
22:31 Town Watch
24:12 Bloodlines
24:06 Bodkin Arrow
24:33 Pikeman
27:32 Thumb Ring
28:52 Ballistics
30:41 Husbandry
33:44 Scale Barding Armor
39:17 Imperial Age
38:45 Murder Holes
39:18 Chain Barding Armor
39:14 Leather Archer Armor
39:58 Heavy Plow
39:49 Cavalier
42:00 Chemistry
43:26 Bracer
48:26 Iron Casting
48:19 Parthian Tactics
47:52 Heavy Camel Rider
50:39 Hand Cart
52:38 Blast Furnace
Connection lost

Rejoining the realm…

Still unreachable

The connection could not be restored.

Session expired

The server has moved on; the page needs a fresh start.